 Dungeon Crawl Stone Soup version 0.21-a0-273-g0785366 (webtiles) character file.

130 Lavandula the Poker (level 5, -6/41 HPs)
             Began as a Ghoul Warper on Sept 16, 2017.
             Mangled by a centaur (7 damage)
             ... on level 5 of the Dungeon.
             The game lasted 00:05:11 (1006 turns).

Lavandula the Poker (Ghoul Warper)                  Turns: 1006, Time: 00:05:12

Health: -6/41      AC:  8    Str: 16    XL:     5   Next: 13%
Magic:  2/2        EV: 11    Int:  8    God:
Gold:   82         SH:  0    Dex:  8    Spells: 3/7 levels left

rFire    . . .     SeeInvis .   g - +2 spear (antimagic)
rCold    + . .     Gourm    .   (no shield)
rNeg     + + +     Faith    .   h - +0 ring mail
rPois    ∞         Spirit   .   o - +0 helmet
rElec    .         Reflect  .   (no cloak)
rCorr    .         Harm     .   j - +1 pair of gloves
MR       .....                  (no boots)
Stlth    ..........             (no amulet)
HPRegen  0.00/turn              (no ring)
MPRegen  0.08/turn              (no ring)

@: rotting
A: rotting body, claws 1, carnivore 3, cold resistance 1, negative energy
resistance 3, inhibited regeneration, torment resistance, unbreathing
a: no special abilities


You were on level 5 of the Dungeon.
You were not hungry.

You visited 1 branch of the dungeon, and saw 5 of its levels.

You collected 82 gold pieces.

Inventory:

Hand Weapons
 g - a +2 antimagic spear (weapon)
Missiles
 d - 5 tomahawks of dispersal (quivered)
Armour
 a - a +0 leather armour
 h - a +0 ring mail (worn)
 j - a +1 pair of gloves (worn)
 l - a +0 scale mail
 o - a +0 helmet (worn)
Wands
 s - a wand of paralysis (18/24)
Scrolls
 c - 3 scrolls of blinking
 e - a scroll of teleportation {unknown}
 i - 2 scrolls of recharging
 n - 2 scrolls of enchant armour {unknown}
 q - a scroll of noise {unknown}
Potions
 k - a potion of lignification {unknown}
 m - a potion of mutation {unknown}
 p - 3 potions of agility {unknown}
Books
 b - a book of Spatial Translocations

   Spells                             Type                      Level
   a - Blink                          Translocation                2
   b - Shroud of Golubria             Charms/Translocation         2
   c - Lesser Beckoning               Translocation                3
   d - Gell's Gravitas                Translocation                3
   e - Teleport Other                 Translocation                3
   f - Passage of Golubria            Translocation                4
Comestibles
 f - 2 meat rations


   Skills:
 - Level 2.1 Fighting
 + Level 3.6 Polearms
 - Level 0.8 Throwing
 - Level 0.8 Armour
 - Level 1.7 Dodging
 - Level 3.2 Unarmed Combat
 - Level 1.7 Spellcasting
 - Level 2.6 Translocations


You had 3 spell levels left.
You knew the following spells:

 Your Spells              Type           Power        Failure   Level  Hunger
a - Blink                 Tloc           N/A          34%         2    ###....
b - Shroud of Golubria    Chrm/Tloc      #.........   52%         2    ###....


Dungeon Overview and Level Annotations

Branches:
Dungeon (5/15)
 Temple: D:4-7

Altars:
Yredelemnul

Annotations:
D:4 quacklin's ghost, amateur GrIE


Innate Abilities, Weirdness & Mutations

Your body is rotting away.
You thrive on raw meat.
You are immune to poison.
You have sharp fingernails.
You are carnivorous and can eat meat at any time.
Your flesh is cold resistant. (rC+)
You are immune to negative energy. (rN+++)
You do not regenerate when monsters are visible.
You are immune to unholy pain and torment.
You can survive without breathing.


Message History

The centaur hits you.
* * * LOW HITPOINT WARNING * * *
The centaur hits you but does no damage.
You barely miss the centaur.
The centaur is moderately wounded.
The centaur barely misses you.
You hit the centaur.
The centaur is heavily wounded.
The centaur hits you but does no damage.
You barely miss the centaur.
The centaur is heavily wounded.
The centaur hits you but does no damage. x2
You hit the centaur.
The centaur is severely wounded.
The centaur hits you.
* * * LOW HITPOINT WARNING * * *
You barely miss the centaur.
The centaur is severely wounded.
The centaur hits you!
You die...

.# .# .#
########.#.#
#......$?#.#
#........#.#
###....c.).#
.......@...#
###....(..##
#(...(..#
#....(..#
#....(..#
######(##
#.# #.# #.#


You could see a centaur.

Vanquished Creatures
  A scorpion (D:5)
  2 worker ants (D:4)
  A howler monkey skeleton (D:4)
  An adder (D:3)
  2 dart slugs (D:1)
  2 giant cockroaches
  A goblin (D:1)
  2 hobgoblins
  A kobold (D:1)
  3 bats
  A frilled lizard (D:4)
  A rat (D:1)
18 creatures vanquished.

Notes
Turn   | Place    | Note
-------+----------+-------------------------------------------
     0 | D:1      | Lavandula the Ghoul Warper began the quest for the Orb.
     0 | D:1      | Reached XP level 1. HP: 17/17 MP: 2/2
   147 | D:1      | Reached XP level 2. HP: 14/24 MP: 3/3
   449 | D:4      | Noticed quacklin's ghost (amateur GrIE)
   548 | D:3      | Learned a level 2 spell: Blink
   551 | D:3      | Learned a level 2 spell: Shroud of Golubria
   574 | D:3      | Reached skill level 1 in Polearms
   640 | D:3      | Reached XP level 3. HP: 28/28 MP: 1/4
   710 | D:3      | Found a basalt altar of Yredelemnul.
   807 | D:4      | Reached XP level 4. HP: 34/36 MP: 1/5
   934 | D:5      | Entered Level 5 of the Dungeon
   971 | D:5      | Reached XP level 5. HP: 31/40 MP: 2/6
   986 | D:5      | Noticed a centaur
  1005 | D:5      | HP: 1/41 [centaur (6)]
  1006 | D:5      | Mangled by a centaur

Vault maps used:
D:1:      tarquinn_simple_flora_water_d
D:3:      kennysheep_ying_yang, grunt_temple_overflow_lords_of_destruction,
          lemuel_coloured_pillars_altar, first_bread
D:4:      uniq_sigmund

Skill      XL: |  1  2  3  4 |
---------------+-------------+-----
Unarmed Combat | 3 |  3.2
Polearms       | 1 2 3 |  3.6
Fighting       | |  2.1
Throwing       | |  0.8
Armour         | |  0.8
Dodging        | |  1.7
Spellcasting   | |  1.7
Translocations | |  2.6

Action                   |  1- 3 |  4- 6 || total
-------------------------+-------+-------++-------
Melee: Unarmed           |    31 |       ||    31
       Spear             |    25 |    36 ||    61
       Punch             |     1 |       ||     1
  Use: Scroll            |       |     1 ||     1
  Eat: Chunk             |     8 |     5 ||    13
Armor: Leather armour    |     6 |       ||     6
       Ring mail         |     8 |    14 ||    22
Dodge: Dodged            |    24 |    16 ||    40

Table legend:
 A = Spawn XP
 B = Non-spawn XP
 C = Spawn XP percentage of total XP
 D = Spawn monster count
 E = Non-spawn monster count
 F = Spawn count percentage of total count
 G = Total turns spent on level
                    A         B        C        D         E        F      G
               +---------+---------+-------+---------+---------+-------+---------
         Total |       0 |     186 |   0.0 |       0 |      18 |   0.0 |  1006
               +---------+---------+-------+---------+---------+-------+---------
           D:1 |       0 |      19 |   0.0 |       0 |       9 |   0.0 |   358
           D:3 |       0 |      16 |   0.0 |       0 |       3 |   0.0 |   319
           D:4 |       0 |      81 |   0.0 |       0 |       5 |   0.0 |   245
           D:5 |       0 |      70 |   0.0 |       0 |       1 |   0.0 |    72
               +---------+---------+-------+---------+---------+-------+---------
